 Dungeon Crawl Stone Soup version 0.30-a0-219-gf2db51d15e (webtiles) character file.

Game seed: 4291938833438766912

75873 Decritt the Fighter (level 15, -2/127 HPs)
             Began as a Demonspawn Cinder Acolyte on Oct 7, 2022.
             Was an Initiate of Ignis.
             Slain by a cyclops (19 damage)
             ... on level 13 of the Dungeon.
             The game lasted 00:59:43 (18711 turns).

Decritt the Fighter (Demonspawn Cinder Acolyte)    Turns: 18711, Time: 00:59:44

Health: -2/127     AC: 48    Str: 21    XL:     15   Next: 10%
Magic:  16/16      EV:  7    Int: 17    God:    Ignis [......]
Gold:   898        SH: 15    Dex:  8    Spells: 16/16 levels left

rFire   + . .      SeeInvis .    n - +9 club (vamp)
rCold   . . .      Faith    .    z - +1 tower shield
rNeg    . . .      Spirit   .    T - +18 Lear's hauberk
rPois   .          Reflect  .    (helmet currently unavailable)
rElec   .          Harm     .    g - +0 cloak
rCorr   .          Rampage  .    (gloves currently unavailable)
Will    +....                    (boots currently unavailable)
Stlth   ..........               y - amulet of regeneration
HPRegen 1.21/turn                f - +4 ring of protection
MPRegen 0.15/turn                l - +4 ring of protection

@: sanguine armoured
A: horns 2, demonic guardian 2, ignite blood 1, sanguine armour 2
a: Renounce Religion


You were on level 13 of the Dungeon.
You worshipped Ignis.
Ignis was noncommittal.
You visited 4 branches of the dungeon, and saw 20 of its levels.
You also visited: Ossuary.

You collected 1586 gold pieces.
You spent 688 gold pieces at shops.

Inventory:

Hand Weapons
 n - a +9 vampiric club (weapon)
 O - a +5 morningstar
Missiles
 F - 5 throwing nets (quivered)
Armour
 g - a +0 cloak (worn)
 j - a +0 hat of intelligence
 z - a +1 tower shield (worn)
 T - the +18 Lear's hauberk (worn)
   (You found it on level 10 of the Dungeon)
Jewellery
 f - a +4 ring of protection (left hand)
 l - a +4 ring of protection (right hand)
 p - a ring of flight
 y - an amulet of regeneration (around neck)
 S - a ring of protection from fire
Wands
 a - a wand of polymorph (7)
 u - a wand of flame (38)
Scrolls
 c - 3 scrolls of immolation
 m - a scroll of amnesia
 r - 6 scrolls of identify
 D - 3 scrolls of butterflies
 E - 2 scrolls of blinking
 H - 2 scrolls of teleportation
 J - 6 scrolls of enchant weapon
 L - a scroll of silence
 Q - 2 scrolls of fear
Potions
 d - 3 potions of ambrosia
 e - 3 potions of attraction
 h - 8 potions of curing
 k - a potion of haste
 o - 7 potions of mutation
 q - 2 potions of invisibility
 s - 3 potions of magic
 t - 6 potions of heal wounds
 v - 4 potions of brilliance
 w - 8 potions of might
 B - 6 potions of flight
 M - 4 potions of lignification
 N - a potion of resistance


   Skills:
 * Level 14.8 Fighting
 - Level 6.5(10.1) Axes
 * Level 12.0(12.7) Maces & Flails
 + Level 11.1 Armour
 - Level 9.3 Dodging
 + Level 8.6 Shields
 - Level 1.0 Spellcasting
 - Level 2.6 Fire Magic


You had 16 spell levels left.
You didn't know any spells.
Your spell library contained the following spells:

 Spells                   Type           Power      Damage    Failure   Level
 Foxfire                  Conj/Fire      20%        2x1d5     99%         1
 Scorch                   Fire           18%        2d5       99%         2
 Beastly Appendage        Tmut           0%         N/A       100%        1
 Kiss of Death            Conj/Necr      0%         2d5       100%        1
 Sandblast                Erth           0%         2d4       100%        1
 Cigotuvi's Dreadful Rot  Necr/Pois/Air  0%         N/A       100%        2
 Passwall                 Tmut/Erth      0%         N/A       100%        2
 Static Discharge         Conj/Air       0%         2-2/arc   100%        2
 Wereblood                Tmut           0%         N/A       100%        2
 Confusing Touch          Hex            0%         N/A       100%        3
 Spider Form              Tmut/Pois      0%         N/A       100%        3
 Stone Arrow              Conj/Erth      0%         3d7       100%        3
 Summon Guardian Golem    Hex/Summ       0%         N/A       100%        3
 Vhi's Electric Charge    Tloc/Air       0%         N/A       100%        3
 Dispel Undead            Necr           0%         3d6       100%        4
 Flame Wave               Conj/Fire      5%         2d5       100%        4
 Petrify                  Tmut/Erth      0%         N/A       100%        4
 Arcjolt                  Conj/Air       0%         1d10      100%        5
 Fireball                 Conj/Fire      2%         3d4       100%        5
 Lightning Bolt           Conj/Air       0%         1d11      100%        5
 Metabolic Englaciation   Hex/Ice        0%         N/A       100%        5
 Death Channel            Necr           0%         N/A       100%        6
 Starburst                Conj/Fire      2%         6d3       100%        6
 Statue Form              Tmut/Erth      0%         N/A       100%        6
 Summon Cactus Giant      Summ           0%         N/A       100%        6
 Orb of Destruction       Conj           0%         9d5       100%        7
 Spellforged Servitor     Conj/Summ      0%         N/A       100%        7
 Maxwell's Capacitive Co  Air            0%         ∞         100%        8


Dungeon Overview and Level Annotations

Branches:
Dungeon (13/15)            Temple (1/1) D:4            Lair (5/5) D:9
 Shoals (0/4) Lair:2       Spider (0/4) Lair:3        Slime (1/5) Lair:5
    Orc (0/2) D:12        Ossuary (visited)
 Vaults: D:13-14

Altars:
Ashenzari
Cheibriados
Dithmenos
Fedhas
Gozag
Hepliaklqana
Kikubaaqudgha
Makhleb
Nemelex Xobeh
Okawaru
Qazlal
Ru
Sif Muna
Trog
Uskayaw
Vehumet
Wu Jian
Xom
Yredelemnul

Shops:
D:4 :   D:7 ![(   D:9 **   D:10 (   D:11 ?

Annotations:
D:10 2 transporters, rossy's ghost, journeyman GrEE
D:13 jehirs's ghost, journeyman MfSu
Lair:3 exclusion: 2 oklob plants


Innate Abilities, Weirdness & Mutations

You have a pair of horns on your head.
A demonic guardian rushes to your aid.
Your demonic aura sometimes causes spilled blood to erupt in flames.
When seriously injured, your blood forms thick armour. (AC +9)


Message History

You barely miss the warg. You headbutt the warg.
The warg is lightly wounded.
You feel very sick.
The tengu warrior hits you but does no damage.
You block the tengu warrior's attack.
The tengu warrior claws you but does no damage.
You block the warg's attack.
You closely miss the warg.
The warg is lightly wounded.
You feel very sick. You block the warg's attack.
You block the tengu warrior's attack.
The tengu warrior pecks you but does no damage.
The tengu warrior claws you but does no damage.
The cyclops throws a large rock.
The large rock hits you!
* * * LOW HITPOINT WARNING * * *
The tengu warrior attacks as you move away!
The tengu warrior hits you but does no damage.
You are more poisoned.
The tengu warrior barely misses you. The tengu warrior claws you.
* * * LOW HITPOINT WARNING * * *
You feel very sick. The warg bites you but does no damage.
The tengu warrior hits you but does no damage.
You are more poisoned.
The cyclops throws a large rock.
You block the large rock. You block the warg's attack.
You feel better.
The tengu warrior hits you but does no damage.
The warg barely misses you. The cyclops closely misses you.
You hit the cyclops.
The cyclops is lightly wounded.
You block the warg's attack.
The tengu warrior completely misses you.
You block the cyclops's attack.
A kobold demonologist comes into view. It is wielding a +0 dagger.
The deep elf knight casts a spell at you.
The shard of ice hits you!!!
* * * LOW HITPOINT WARNING * * *
A demonic guardian appears!
The cyclops hits you!!
You die...

#############
..#8..8#..K.
.'....'..8 '....'..8
#.Q..# #eC..# #@h).#
#C3..# #....#
###''''#############
....................#
~~~~~....~≈~~~~~~≈≈≈~#
≈≈≈≈~....~≈≈≈≈≈≈≈≈≈~≈≈
~~~≈~....~≈~~~~≈~~~~~~
......................


You could see a tengu warrior, a deep elf knight, 2 cyclopes, a kobold
demonologist (wandering), a warg and a friendly soul eater (summoned).

Vanquished Creatures
  Gastronok (D:9)
  A dire elephant (Lair:2)
  Josephine (D:11)
  2 hydras (Lair:4)
  Fannar (Lair:2)
  2 catoblepae (Lair:5)
  Erica (D:11)
  3 two-headed ogres
  2 tengu warriors
  11 death yaks (Lair:5)
  Pikel (D:9)
  A lindwurm (Lair:5)
  4 manticores
  2 cyclopes (D:13)
  18 elephants
  A merfolk siren (Lair:2)
  Maurice (D:11)
  An elephant (shapeshifter) (D:13)
  4 black mambas
  12 cane toads
  2 torpor snails (Lair:1)
  3 rime drakes
  13 komodo dragons
  A polar bear (Lair:4)
  4 trolls
  3 slime creatures (Slime:1)
  A hornet (D:11)
  A dream sheep (shapeshifter) (D:13)
  34 blink frogs
  A spriggan (Lair:2)
  3 shadows
  79 yaks
  A vampire (D:10)
  6 wraiths
  Grum (D:7)
  4 wyverns
  2 steam dragons (D:7)
  A redback (Lair:3)
  A warg (D:13)
  An acid dragon (D:9)
  8 water moccasins
  A black bear (D:6)
  4 orc warriors
  An ice beast (D:5)
  3 sky beasts
  5 wolves
  3 ogres
  2 centaurs (D:11)
  A lemure (D:9)
  A necrophage (D:6)
  6 gnoll sergeants
  11 bullfrogs
  4 wights
  2 killer bees (D:8)
  4 howler monkeys
  17 jellies
  9 hounds
  12 orc priests
  Jessica (D:2)
  4 iguanas
  Ijyb (D:4)
  13 hell rats
  7 orc wizards
  6 mummies (Ossuary)
  Robin (D:3)
  20 gnolls
  A river rat (Lair:2)
  5 adders
  A shadow imp (D:6)
  A white imp (D:8)
  3 ufetubi (D:6)
  4 worms
  3 dart slugs
  33 orcs
  2 ball pythons
  22 endoplasms
  A giant cockroach (D:2)
  10 hobgoblins
  10 jackals
  3 quokkas
  5 bats
  A frilled lizard (D:2)
  2 gnoll zombies (Ossuary)
  12 goblins
  2 hobgoblin zombies (Ossuary)
  6 kobolds
  2 orc zombies
  5 rats
  A spectral goblin (D:1)
514 creatures vanquished.

Vanquished Creatures (collateral kills)
  A hydra (Lair:4)
  A death yak (Lair:5)
  A catoblepas (Lair:5)
  A boulder beetle (D:13)
  An oklob plant (Lair:4)
  6 elephants
  A black mamba (Lair:4)
  Joseph (D:9)
  A gargoyle (D:10)
  A cane toad (Lair:2)
  An unseen horror (D:12)
  4 komodo dragons
  2 trolls
  3 blink frogs
  A steam dragon (D:8)
  16 yaks
  A redback (Lair:3)
  2 wargs (D:13)
  A water moccasin (Lair:2)
  2 orc warriors
  A centaur (D:9)
  A gnoll sergeant (D:13)
  7 wights
  3 killer bees (D:8)
  An orc priest (D:9)
  2 jellies (Lair:5)
  A hound (D:7)
  3 hell rats
  2 mummies (Ossuary)
  3 gnolls
  A river rat (Lair:2)
  10 orcs
  A gnoll zombie (Ossuary)
  A hobgoblin zombie (Ossuary)
  A kobold zombie (Ossuary)
86 creatures vanquished.

Vanquished Creatures (others)
  A tengu conjurer (D:13)
  An orc wizard (D:9)
  2 orcs (D:8)
  80 foxfires
  106 fungi
  81 plants
271 creatures vanquished.

Grand Total: 871 creatures vanquished

Notes
Turn   | Place    | Note
-------+----------+-------------------------------------------
     0 | D:1      | Decritt the Demonspawn Cinder Acolyte began the quest for
                  | the Orb.
     0 | D:1      | Reached XP level 1. HP: 18/18 MP: 2/2
   247 | D:1      | Gained mutation: When seriously injured, your blood forms
                  | armour. (AC +9) [demonic ancestry]
   247 | D:1      | Reached XP level 2. HP: 21/24 MP: 3/3
   451 | D:1      | Found a faded altar of an unknown god.
   909 | D:2      | Noticed Jessica
   915 | D:2      | Killed Jessica
   916 | D:2      | Reached skill level 1 in Armour
   916 | D:2      | Reached skill level 1 in Dodging
   916 | D:2      | Reached XP level 3. HP: 20/29 MP: 4/4
  1337 | D:2      | Got the Spellbook of the Wind
  1573 | D:2      | Reached XP level 4. HP: 32/35 MP: 5/5
  1677 | D:3      | Noticed a sky beast
  1705 | D:3      | Killed a sky beast
  1706 | D:3      | Reached XP level 5. HP: 19/42 MP: 6/6
  1942 | D:3      | Reached skill level 4 in Fighting
  1944 | D:3      | Noticed Robin
  1956 | D:3      | Killed Robin
  2477 | D:4      | Found Voecs's Book Shoppe.
  2543 | D:4      | Noticed Ijyb
  2564 | D:4      | Killed Ijyb
  2565 | D:4      | Gained mutation: A weak demonic guardian rushes to your
                  | aid. [demonic ancestry]
  2565 | D:4      | Reached XP level 6. HP: 31/48 MP: 7/7
  2740 | D:4      | Found a staircase to the Ecumenical Temple.
  3328 | D:5      | Entered Level 5 of the Dungeon
  3485 | D:5      | Noticed an ice beast
  3515 | D:5      | Killed an ice beast
  3516 | D:5      | Reached XP level 7. HP: 27/55 MP: 8/8
  4220 | D:6      | Noticed a yak
  4220 | D:6      | Noticed a yak
  4220 | D:6      | Noticed a yak
  4224 | D:6      | Noticed a yak
  4227 | D:6      | Noticed a yak
  4228 | D:6      | Noticed a yak
  4238 | D:6      | Killed a yak
  4239 | D:6      | Reached skill level 5 in Fighting
  4244 | D:6      | Killed a yak
  4251 | D:6      | Killed a yak
  4252 | D:6      | Reached skill level 5 in Axes
  4252 | D:6      | Reached XP level 8. HP: 26/63 MP: 9/9
  4271 | D:6      | Reached skill level 6 in Fighting
  5209 | D:6      | Reached skill level 5 in Armour
  5209 | D:6      | Reached skill level 5 in Dodging
  5653 | D:7      | Gained mutation: A demonic guardian rushes to your aid.
                  | [demonic ancestry]
  5653 | D:7      | Reached XP level 9. HP: 58/71 MP: 10/10
  5695 | D:7      | Identified the +0 leather armour of the Hanged Man {rF+
                  | Regen+ Str+4 Stlth+}
  5762 | D:7      | Found Ixtubaut's Weapon Emporium.
  5831 | D:7      | Reached skill level 7 in Fighting
  5834 | D:7      | You are sucked into a shaft and drop 3 floors!
  5834 | D:10     | Entered Level 10 of the Dungeon
  5835 | D:10     | Found a transporter.
  5838 | D:10     | Noticed rossy's ghost (journeyman GrEE)
  5858 | D:10     | Noticed a gargoyle
  5867 | D:10     | Killed a gargoyle
  5893 | D:9      | Found Zelaj's Assorted Antiques.
  5913 | D:9      | Reached skill level 1 in Maces & Flails
  5955 | D:9      | Bought a scroll of identify for 58 gold pieces
  5955 | D:9      | Bought a scroll of identify for 58 gold pieces
  5955 | D:9      | Bought a fuming yellow potion for 26 gold pieces
  5960 | D:9      | Bought a buckler for 130 gold pieces
  6095 | D:8      | Found a shimmering blue altar of Sif Muna.
  6131 | D:8      | Reached XP level 10. HP: 80/80 MP: 11/11
  6198 | D:8      | Found an opulent altar of Gozag.
  6198 | D:8      | Found a stormy altar of Qazlal.
  6238 | D:8      | Reached skill level 8 in Fighting
  6238 | D:8      | Reached skill level 1 in Shields
  6339 | D:8      | Found a sand-covered staircase.
  6349 | Ossuary  | Entered an ossuary
  6798 | D:7      | Noticed Grum
  6817 | D:7      | Killed Grum
  6925 | D:7      | Found Qaahol's Distillery.
  6929 | D:7      | Bought a potion of curing for 33 gold pieces
  6929 | D:7      | Bought a potion of might for 44 gold pieces
  6929 | D:7      | Bought a potion of curing for 33 gold pieces
  6929 | D:7      | Bought a potion of heal wounds for 55 gold pieces
  6929 | D:7      | Bought a potion of curing for 33 gold pieces
  6929 | D:7      | Bought a potion of heal wounds for 55 gold pieces
  6929 | D:7      | Bought 2 potions of lignification for 66 gold pieces
  7034 | D:7      | Found Sidawnacorch's Antique Armour Emporium.
  7563 | D:9      | Noticed Joseph
  7577 | D:9      | Killed Joseph
  7617 | D:9      | Found Itamie's General Store.
  7658 | D:9      | Noticed Pikel
  7681 | D:9      | Killed Pikel
  7856 | D:9      | Gained mutation: You have a pair of small horns on your
                  | head. [demonic ancestry]
  7856 | D:9      | Reached XP level 11. HP: 63/87 MP: 12/12
  8127 | D:9      | Reached skill level 9 in Fighting
  8136 | D:9      | Noticed Gastronok
  8414 | D:9      | Killed Gastronok
  8475 | D:9      | Reached skill level 5 in Maces & Flails
  8590 | D:9      | Found a staircase to the Lair.
  8596 | Lair:1   | Entered Level 1 of the Lair of Beasts
  8766 | Lair:1   | Reached skill level 5 in Shields
  9060 | Lair:1   | Reached skill level 10 in Fighting
  9158 | Lair:1   | Gained mutation: You have a pair of horns on your head.
                  | [demonic ancestry]
  9158 | Lair:1   | Reached XP level 12. HP: 28/97 MP: 13/13
  9187 | Lair:1   | HP: 3/92 [hell rat (6)]
  9905 | Lair:2   | Noticed a dire elephant
 10475 | Lair:2   | Reached skill level 11 in Fighting
 10713 | Lair:2   | Killed a dire elephant
 10873 | Lair:2   | Found a staircase to the Shoals.
 10968 | Lair:2   | Gained mutation: Your demonic aura sometimes causes spilled
                  | blood to erupt in flames. [demonic ancestry]
 10968 | Lair:2   | Reached XP level 13. HP: 91/106 MP: 14/14
 11169 | Lair:3   | Noticed Fannar
 11189 | Lair:2   | Killed Fannar
 11214 | Lair:3   | Reached skill level 12 in Fighting
 11686 | Lair:3   | Found a hole to the Spider Nest.
 12368 | Lair:4   | Reached skill level 10 in Armour
 12980 | Lair:4   | Reached skill level 13 in Fighting
 12980 | Lair:4   | Reached skill level 10 in Maces & Flails
 13379 | Lair:5   | Entered Level 5 of the Lair of Beasts
 13584 | Lair:5   | Reached XP level 14. HP: 108/118 MP: 15/15
 13632 | Lair:5   | Found a staircase to the Slime Pits.
 14903 | Lair:5   | Reached skill level 14 in Fighting
 15415 | Slime:1  | Entered Level 1 of the Pits of Slime
 15454 | Slime:1  | Noticed an acid blob
 15780 | Temple   | Entered the Ecumenical Temple
 15927 | D:10     | Found Losunyte's Antique Weapon Shoppe.
 16126 | D:10     | Found the +18 Lear's hauberk
 16232 | D:10     | Found a transporter.
 16290 | D:10     | Found a shadowy altar of Dithmenos.
 16714 | D:11     | Noticed Josephine
 16729 | D:11     | Killed Josephine
 17195 | D:11     | Found Kyfoclei's Magic Scroll Boutique.
 17199 | D:11     | Bought a scroll of blinking for 97 gold pieces
 17357 | D:11     | Noticed Maurice
 17367 | D:11     | Killed Maurice
 17558 | D:11     | Noticed Erica
 17565 | D:11     | Killed Erica
 18206 | D:12     | Found a staircase to the Orcish Mines.
 18474 | D:13     | Gained mutation: When seriously injured, your blood forms
                  | thick armour. (AC +9) [demonic ancestry]
 18474 | D:13     | Reached XP level 15. HP: 127/127 MP: 16/16
 18484 | D:13     | Noticed a lich
 18484 | D:13     | Noticed jehirs's ghost (journeyman MfSu)
 18486 | D:13     | Noticed a frost giant
 18486 | D:13     | Noticed a sphinx
 18711 | D:13     | Slain by a cyclops

Illustrated notes

Levels and vault maps discovered:
D:1:      lightli_molten_gateway, layout_basic,
          dreamdust_ecumenical_altar_drowned_temple
D:2:      layout_loops_ring, minmay_pentomino_s4, uniq_jessica
D:3:      layout_rooms, uniq_robin
D:4:      layout_basic, minmay_temple_entry_stoned_glass, serial_shops,
          nicolae_shop_crystal, corexii_item_surrounded_by_moat,
          minmay_misc_feat_iff, minmay_misc_feat_more_columns, uniq_ijyb
D:5:      layout_loops_cross
D:6:      layout_loops_corners, kennysheep_minor_cross
D:7:      layout_cave_pools, serial_gnoll_camp, gnoll_camp_mini_shop,
          gnoll_camp_mini_shop, gnoll_camp_mini_loothouse,
          gnoll_camp_mini_basic, gnoll_camp_mini_shop, grums_kennel,
          mrwooster_statue_mirror
D:8:      layout_rooms, gammafunk_temple_overflow_wave, lemuel_round_altar,
          enter_ossuary_3, due_unseen_surprise
D:9:      layout_basic, erik_lair_dragon, serial_rivers,
          chequers_serial_rivers_small_b, chequers_serial_rivers_micro_b,
          chequers_serial_rivers_micro_b, chequers_serial_rivers_micro_c,
          chequers_serial_rivers_micro_d, chequers_serial_rivers_large_b,
          serial_shops, shop_statue, nicolae_shop_advertising_works
          [nicolae_subvault_shop_adworks], amcnicky_mini_corridor_feature,
          uniq_pikel, uniq_joseph, uniq_gastronok
D:10:     wander_river, layout_loops_cross, nicolae_dithmenos_shadow_blocks,
          gammafunk_ghost_stat_death, serial_shops, kennysheep_little_box,
          hellmonk_guarded_unrand_lears
D:11:     layout_basic, serial_shops, nicolae_shop_crystal, uniq_maurice,
          uniq_josephine, uniq_erica
D:12:     layout_roguey, david_orc_1_choice
D:13:     lemuel_castle_with_subvaults [lemuel_castle_interior_carwin_2],
          layout_irregular_city, david_vaults_4, muffindrake_ghost_dual_entry,
          nzn_wu_jian_contemplation
Temple:   nicolae_temple_no_exploring_needed
Lair:1:   layout_gridlike, lemuel_fruit_fields, grunt_megastairs_3
Lair:2:   mu_elephants_graveyard, layout_long_grid,
          minmay_shoals_entry_lonely_mermaid, portal_ice_cave_entry_pillars_1,
          pond
Lair:3:   layout_small_grid, spider_nest_entry_webs, dpeg_oklob_1,
          grunt_megastairs_4, lemuel_fruit_tree, uniq_fannar
Lair:4:   lemuel_slime, layout_regular_city
Lair:5:   evilmike_catoblepas_cave, layout_long_grid,
          minmay_slime_entry_jelly_boxes, nicolae_volcano_entry_vermiform,
          grunt_megastairs_2
Slime:1:  layout_caves

Skill      XL: |  1  2  3  4  5  6  7  8  9 10 11 12 13 14 15 |
---------------+----------------------------------------------+-----
Axes           | 3 4 5 6 |  6.5
Armour         | 1 2 3 4 5 6 7 8 9 10 11 | 11.1
Dodging        | 1 2 3 4 5 6 7 8 9 |  9.3
Fighting       | 4 5 6 7 8 10 11 13 14 | 14.8
Maces & Flails | 2 4 6 8 10 11 12 | 12.0
Shields        | 3 5 6 7 8 |  8.6
Spellcasting   | |  1.0
Fire Magic     | |  2.6

Action                   |  1- 3 |  4- 6 |  7- 9 | 10-12 | 13-15 || total
-------------------------+-------+-------+-------+-------+-------++-------
Melee: Hand axe          |    88 |       |       |       |       ||    88
       Club              |    27 |   159 |   248 |   553 |  1270 ||  2257
       Punch             |       |       |     3 |       |       ||     3
       Morningstar       |       |       |       |   263 |       ||   263
       Headbutt          |       |       |       |   156 |   340 ||   496
Invok: Fiery Armour      |     1 |       |     1 |     2 |       ||     4
       Foxfire Swarm     |       |     2 |       |     5 |       ||     7
       Rising Flame      |       |       |     1 |       |       ||     1
  Use: Potion            |       |     1 |       |    16 |     2 ||    19
       Scroll            |       |     5 |    13 |    11 |     5 ||    34
 Stab: Distracted        |       |       |       |     2 |     1 ||     3
       Sleeping          |       |       |       |       |     2 ||     2
Armor: Robe              |    32 |    60 |       |       |       ||    92
       Ring mail         |       |     5 |   102 |       |       ||   107
       Leather armour    |       |       |    29 |   388 |   295 ||   712
       Chain mail        |       |       |       |       |   445 ||   445
Dodge: Dodged            |    73 |   121 |   185 |   657 |   438 ||  1474
Block: Buckler           |       |       |       |   207 |       ||   207
       Tower shield      |       |       |       |    17 |   980 ||   997

Table legend: (Time is in decaauts)
 A = Elapsed time spent in this place.
 B = Non-inter-level travel time spent in this place.
 C = Inter-level travel time spent in this place.
 D = Time resting spent in this place.
 E = Time spent auto-exploring this place.
 F = Levels seen in this place.
 G = Mean time per level.
                   A        B        C        D        E       F      G
               +--------+--------+--------+--------+--------+-----+--------+
         Total |  18993 |  17962 |   1031 |   1493 |  10982 |  21 |  904.4 |
       Dungeon |  11848 |  11070 |    778 |    694 |   7508 |  13 |  911.4 |
        Temple |      1 |      1 |      0 |      0 |      0 |   1 |    1.0 |
          Lair |   6882 |   6631 |    251 |    798 |   3352 |   5 | 1376.4 |
    Slime Pits |     49 |     49 |      0 |      0 |      0 |   1 |   49.0 |
       Ossuary |    211 |    211 |      0 |      0 |    122 |   1 |  211.0 |
               +--------+--------+--------+--------+--------+-----+--------+

Top non-repeatable levels by time:
  Lair:5: 2005 daAuts
     D:9: 1748 daAuts
     D:6: 1510 daAuts
  Lair:4: 1369 daAuts
  Lair:2: 1300 daAuts
  Lair:1: 1165 daAuts
    D:11: 1163 daAuts
  Lair:3: 1042 daAuts
     D:4: 889 daAuts
     D:1: 866 daAuts
     D:2: 841 daAuts
     D:5: 835 daAuts
     D:3: 809 daAuts
    D:10: 796 daAuts
     D:7: 782 daAuts
